Map: 2000 Atmospheres LE

Players

Lambo

  • Race: Zerg Zerg
  • League: Grandmaster

HeroMarine - Winner!

  • Race: Terran Terran
  • League: Master

Event: DreamHack SC2 Masters 2021 Summer

VOD

Have the link to the VOD?

Description

Time

  • Played on: June 1, 2021, 11:50 a.m.
  • Length: 18:48

All games in this series

Show
View Real Time Build Order
Export as new Build Order

Lambo Zerg 

Build Orders: Hatch First, Muta Ling Bane 

Get SALT Encoding   

  12  0:00  Drone  
  13  0:12  Overlord  
  13  0:20  Drone  
  14  0:30  Drone x2  
  16  0:47  Hatchery  
  15  0:50  Drone  
  15  0:54  Drone  
  17  0:57  Drone  
  18  1:07  Extractor  
  17  1:11  Spawning Pool  
  17  1:15  Drone  
  17  1:18  Drone  
  18  1:27  Drone  
  19  1:38  Drone  
  20  1:48  Drone  
  21  1:59  Zergling x4, Queen x2  
  27  2:09  Drone  
  27  2:10  Overlord  
  28  2:19  Hatchery  
  27  2:23  Drone  
  27  2:27  Overlord  
  28  2:31  Drone  
  28  2:35  Drone  
  30  2:40  Queen  
  32  2:46  Drone x2  
  32  2:49  Metabolic Boost  
  34  2:55  Drone x2  
  36  3:04  Queen  
  40  3:05  Drone x2  
  40  3:09  Drone x2  
  42  3:13  Drone  
  42  3:15  Drone  
  42  3:18  Overlord  
  44  3:28  Overlord  
  44  3:30  Queen  
  46  3:35  Drone  
  46  3:38  Drone x3  
  46  3:40  Drone  
  51  3:41  Drone  
  51  3:42  Queen  
  54  3:50  Drone x3  
  57  3:57  Overlord, Drone x2  
  57  3:59  Drone x2  
  57  4:02  Drone  
  62  4:06  Overlord  
  62  4:11  Overlord  
  62  4:12  Overlord  
  62  4:14  Baneling Nest  
  62  4:15  Overlord  
  61  4:18  Lair  
  61  4:20  Extractor  
  61  4:22  Queen  
  61  4:24  Drone x2  
  63  4:26  Zergling x4  
  63  4:29  Drone x2  
  68  4:34  Drone  
  69  4:40  Overlord  
  69  4:41  Drone x6  
  69  4:45  Overlord  
  74  4:49  Drone  
  74  4:51  Zergling x2  
  74  4:52  Zergling x6  
  79  4:58  Drone  
  79  4:59  Spore Crawler  
  79  5:00  Queen, Spore Crawler x2  
  79  5:04  Zergling x4  
  83  5:07  Extractor  
  83  5:09  Extractor  
  83  5:13  Baneling x4  
  81  5:14  Zergling x10  
  81  5:15  Baneling x2  
  83  5:26  Drone x5  
  83  5:34  Drone x6  
  83  5:36  Drone  
  82  5:43  Drone x4  
  82  5:48  Drone  
  86  5:51  Drone  
  86  5:54  Hatchery  
  86  5:59  Drone x2, Spire  
  86  6:00  Extractor  
  86  6:02  Drone  
  87  6:04  Centrifical Hooks  
  87  6:06  Drone  
  87  6:08  Drone x2  
  87  6:10  Drone  
  87  6:11  Drone x3  
  94  6:12  Extractor  
  94  6:13  Overlord  
  94  6:15  Drone  
  94  6:18  Drone  
  95  6:23  Drone x2  
  97  6:26  Evolution Chamber  
  97  6:27  Zergling x6, Evolution Chamber  
  97  6:29  Baneling x2  
  98  6:34  Zergling x6  
  98  6:37  Baneling x2  
  100  6:42  Baneling x2, Queen x2  
  100  6:43  Zergling x4  
  103  6:51  Zergling x8  
  105  7:16  Mutalisk x4  
  105  7:17  Overlord x2  
  105  7:18  Hatchery  
  105  7:19  Overlord  
  105  7:20  Overlord  
  112  7:24  Overlord  
  112  7:25  Overlord  
  112  7:26  Overlord, Mutalisk  
  112  7:29  Overlord  
  113  7:33  Overlord  
  113  7:34  Zerg Melee Weapons Level 1, Zerg Ground Armor Level 1  
  113  7:38  Overseer  
  113  7:39  Pneumatized Carapace  
  113  7:42  Mutalisk  
  115  7:50  Mutalisk  
  117  7:53  Drone x6  
  117  7:56  Hatchery  
  122  8:01  Drone x7  
  122  8:02  Mutalisk  
  122  8:04  Drone x2  
  133  8:09  Mutalisk x2  
  133  8:12  Drone x3  
  138  8:13  Drone  
  138  8:15  Extractor  
  138  8:17  Extractor  
  137  8:24  Mutalisk x2  
  141  8:32  Drone x3  
  141  8:33  Drone x2  
  144  8:46  Zergling x20  
  154  8:56  Zergling x8  
  154  8:57  Baneling x5  
  154  8:58  Baneling  
  154  8:59  Zerg Flyer Weapons Level 1  
  154  9:02  Mutalisk x3  
  153  9:03  Mutalisk  
  153  9:06  Overlord  
  160  9:12  Drone x6  
  160  9:14  Spore Crawler  
  160  9:15  Overseer  
  160  9:16  Drone x3  
  168  9:18  Spore Crawler  
  168  9:20  Mutalisk x3  
  173  9:24  Overlord  
  173  9:26  Drone x4  
  173  9:28  Infestation Pit  
  173  9:29  Zergling x8  
  180  9:33  Mutalisk  
  180  9:36  Baneling x5  
  180  9:38  Zergling x10  
  187  9:50  Zergling x22  
  187  9:51  Baneling x10  
  196  9:56  Zergling x6  
  188  10:03  Zergling x18  
  189  10:15  Mutalisk x4  
  189  10:20  Hive  
  189  10:21  Overlord  
  197  10:23  Spine Crawler  
  197  10:26  Overlord  
  196  10:33  Zergling x10  
  195  10:36  Zerg Melee Weapons Level 2  
  195  10:42  Zerg Ground Armor Level 2  
  195  10:43  Drone x4  
  195  10:46  Baneling x5  
  197  10:50  Zergling x6  
  197  10:53  Zergling x12, Zerg Flyer Armor Level 1  
  197  10:54  Baneling x3  
  197  10:55  Baneling x4  
  197  10:57  Baneling x2  
  200  11:03  Overlord  
  196  11:08  Zergling x16  
  196  11:10  Baneling x12  
  197  11:12  Zergling x4  
  198  11:22  Baneling  
  198  11:23  Baneling x7  
  192  11:27  Zergling x2  
  192  11:28  Zergling x20  
  195  11:32  Zergling x4  
  195  11:33  Zergling x10  
  195  11:36  Baneling x10  
  195  11:38  Zergling x10  
  185  11:51  Adrenal Glands  
  185  11:53  Zergling x28  
  193  11:56  Ultralisk Cavern  
  182  12:03  Zergling x8  
  182  12:06  Zergling x4  
  180  12:09  Baneling x3  
  180  12:10  Baneling  
  180  12:12  Zergling x8  
  180  12:13  Baneling x4  
  184  12:20  Zergling x2  
  184  12:21  Zergling x14  
  177  12:25  Zergling x10  
  182  12:32  Zergling x4  
  175  12:37  Zergling x6  
  175  12:40  Mutalisk x2  
  175  12:41  Mutalisk x5  
  190  12:52  Zergling x18  
  190  12:58  Chitinous Plating  
  197  13:00  Zerg Ground Armor Level 3  
  197  13:10  Baneling x7  
  197  13:14  Hatchery  
  197  13:15  Zergling x6  
  197  13:16  Baneling x12, Overseer  
  199  13:28  Extractor  
  183  13:34  Zergling x36  
  199  13:43  Zergling x2  
  200  13:54  Zergling x26  
  167  14:04  Ultralisk x4  
  167  14:08  Ultralisk  
  167  14:09  Zergling x2  
  196  14:10  Zergling x12  
  196  14:11  Baneling x5  
  196  14:18  Zergling x2  
  196  14:19  Zergling x4  
  196  14:23  Zergling x2, Hatchery  
  199  14:28  Overlord  
  199  14:29  Hatchery  
  194  14:35  Zergling x6  
  176  14:41  Zergling x4  
  176  14:42  Zergling x14  
  176  14:43  Zergling x2  
  186  14:50  Zergling x12  
  186  14:51  Baneling x9  
  190  14:58  Zergling x4  
  188  15:03  Zergling x4  
  185  15:08  Anabolic Synthesis  
  185  15:12  Zergling x8  
  176  15:21  Zergling x12  
  176  15:22  Baneling x10  
  181  15:33  Zergling x6  
  181  15:34  Baneling x2  
  180  15:37  Hatchery  
  180  15:38  Zergling x4  
  166  15:43  Zergling x10  
  166  15:47  Zergling x4  
  168  15:52  Zergling x2  
  168  15:53  Zergling x2  
  162  15:57  Zergling x4  
  157  16:07  Zergling x4  
  153  16:17  Mutalisk x5  
  155  16:22  Hatchery, Mutalisk  
  155  16:29  Drone x2  
  156  16:34  Zergling x4  
  156  16:35  Baneling x10  
  156  16:39  Mutalisk x2  
  157  16:46  Mutalisk  
  158  16:55  Zergling x2  
  158  16:56  Zergling x4  
  161  17:03  Zergling x10  
  166  17:09  Zergling x2  
  166  17:14  Zergling x4  
  168  17:20  Zergling x2  
  145  17:29  Ultralisk x3  
  154  17:34  Zergling x8  
  158  17:38  Zergling x2  
  158  17:42  Drone x3  
  152  17:52  Zergling x2  
  152  17:53  Zergling x6  
  156  18:02  Zergling x8  
  156  18:04  Hatchery  
  150  18:06  Zergling x2  
  150  18:07  Zergling x2  
  150  18:10  Baneling x5  
  151  18:13  Zergling x2  
  151  18:18  Zergling x4  
  132  18:24  Overseer x2  
  132  18:26  Zergling x6  
  106  18:30  Zergling x2  
Show
View Real Time Build Order
Export as new Build Order

HeroMarine Terran - Winner!

Build Orders: 2 Factory, Command Center First (CC) 

Get SALT Encoding   

  12  0:00  SCV  
  13  0:12  SCV  
  14  0:17  Supply Depot  
  14  0:24  SCV  
  15  0:38  SCV  
  16  0:50  SCV  
  17  0:58  Command Center  
  17  1:03  SCV  
  18  1:11  Barracks  
  18  1:15  SCV  
  19  1:20  Refinery  
  19  1:27  SCV  
  19  1:29  Refinery  
  20  1:39  SCV  
  21  1:51  SCV  
  22  1:57  Marine  
  23  2:03  Orbital Command  
  23  2:10  Factory  
  23  2:13  Orbital Command  
  23  2:16  Barracks Reactor  
  23  2:25  Supply Depot  
  23  2:29  SCV  
  24  2:38  Factory  
  24  2:40  SCV  
  24  2:43  SCV  
  26  2:52  SCV  
  26  2:56  SCV, Starport  
  28  3:00  Hellion  
  28  3:04  Hellion  
  32  3:05  Marine  
  32  3:09  SCV  
  32  3:10  SCV  
  35  3:21  SCV  
  35  3:22  SCV, Factory Tech Lab  
  35  3:23  Hellion  
  35  3:26  Hellion  
  41  3:31  Viking  
  44  3:38  Supply Depot  
  44  3:39  SCV  
  44  3:41  SCV, Supply Depot  
  45  3:43  Infernal Pre-Igniter  
  45  3:53  SCV  
  46  4:00  SCV, Hellion x3  
  53  4:04  Medivac  
  53  4:06  SCV  
  56  4:12  SCV  
  56  4:15  Supply Depot  
  57  4:18  Armory  
  57  4:21  Hellion x2  
  61  4:25  SCV  
  62  4:37  SCV x2, Hellion  
  66  4:39  Command Center  
  68  4:46  Hellion  
  68  4:47  Hellion  
  70  5:00  Supply Depot  
  70  5:01  Barracks Tech Lab  
  70  5:04  Supply Depot, Starport Reactor  
  70  5:17  Engineering Bay  
  70  5:18  Engineering Bay  
  70  5:22  SCV x2, Hellion x3  
  70  5:33  Drilling Claws  
  70  5:34  SCV x2, Stimpack, Marine  
  71  5:43  Medivac x2  
  71  5:44  Hellion x2  
  71  5:46  SCV x2  
  71  5:47  Hellion  
  81  5:54  Marine  
  81  5:55  Orbital Command  
  78  5:57  Refinery  
  78  5:58  SCV x2, Refinery  
  80  6:05  Widow Mine, Hellion  
  80  6:08  Widow Mine  
  80  6:10  SCV x2  
  88  6:16  Barracks  
  88  6:17  Terran Infantry Armor Level 1, Terran Infantry Weapons Level 1, Barracks  
  88  6:22  SCV x2, Orbital Command  
  90  6:28  Widow Mine  
  90  6:29  Widow Mine  
  90  6:30  Marine, Supply Depot  
  90  6:32  Supply Depot  
  95  6:34  Widow Mine, SCV x2  
  95  6:39  Starport Reactor  
  99  6:46  SCV x2  
  95  6:47  Marine  
  96  6:54  Widow Mine x2  
  96  6:58  SCV x2  
  96  7:00  Barracks  
  86  7:01  Barracks  
  86  7:08  SCV  
  81  7:11  SCV x2  
  81  7:12  Barracks Reactor  
  81  7:13  Terran Vehicle And Ship Armor Level 1  
  83  7:16  Widow Mine x2  
  83  7:17  Marine, Medivac x2  
  83  7:18  Widow Mine  
  83  7:19  Marine  
  83  7:20  SCV  
  96  7:23  SCV x2  
  96  7:28  Marine  
  96  7:29  Combat Shield  
  99  7:32  SCV  
  99  7:35  SCV x2, Marine  
  99  7:36  Refinery  
  103  7:37  Marine  
  103  7:38  Refinery, Command Center  
  103  7:41  Widow Mine  
  103  7:42  Widow Mine  
  110  7:46  SCV, Marine  
  110  7:47  SCV  
  110  7:49  Marine, Supply Depot  
  110  7:50  Barracks Reactor x2, Marine  
  115  7:53  Marine  
  115  7:55  Marine  
  117  7:59  Missile Turret x3  
  117  8:04  Marine  
  117  8:05  Missile Turret  
  114  8:07  Marine x2  
  114  8:09  Thor  
  114  8:10  Marine  
  123  8:13  Marine  
  123  8:16  Widow Mine x2  
  128  8:22  Marine  
  128  8:25  Marine x2  
  128  8:26  Medivac x2  
  133  8:34  Supply Depot  
  133  8:36  Supply Depot  
  133  8:37  Marine x4  
  133  8:38  Widow Mine x2, Terran Infantry Weapons Level 2  
  133  8:39  Marine  
  140  8:42  Marine  
  140  8:44  Marine x3  
  138  8:48  Terran Infantry Armor Level 2  
  138  8:49  Supply Depot  
  138  8:50  Supply Depot  
  138  8:53  Widow Mine  
  138  8:54  SCV  
  138  8:55  SCV x2, Marine x4  
  147  8:57  Marine  
  147  8:59  Widow Mine  
  147  9:00  Marine  
  147  9:01  Missile Turret  
  147  9:02  Marine x3  
  154  9:12  Medivac x2  
  154  9:13  Marine x4  
  154  9:14  Thor  
  166  9:17  SCV x3  
  166  9:21  Planetary Fortress  
  166  9:22  Marine  
  166  9:23  Marine x2  
  172  9:25  Marine  
  173  9:31  Widow Mine  
  173  9:34  Barracks Tech Lab  
  173  9:35  SCV x2  
  173  9:36  SCV  
  173  9:38  Marine x3  
  170  9:39  Marine  
  170  9:40  Marine  
  170  9:42  Medivac  
  170  9:44  Widow Mine  
  170  9:45  Terran Vehicle And Ship Armor Level 2  
  179  9:47  Marine  
  179  9:48  Marine  
  179  9:50  Marine  
  179  9:51  Marine, Medivac  
  185  9:53  Widow Mine  
  185  9:56  Marine x3  
  185  9:57  Marine  
  185  9:58  SCV  
  174  10:00  SCV x2  
  174  10:01  Marine  
  174  10:04  Widow Mine  
  174  10:05  Marine  
  177  10:08  Widow Mine, Marine  
  177  10:12  Medivac  
  176  10:14  Widow Mine  
  176  10:16  SCV x4  
  176  10:21  Medivac  
  182  10:26  Marine x3, Marauder  
  182  10:28  SCV  
  188  10:31  SCV  
  188  10:34  Marine x2  
  185  10:35  Missile Turret  
  185  10:36  Marine x2  
  185  10:40  Marine  
  185  10:41  Barracks  
  188  10:43  Barracks x2  
  188  10:48  Marine x4  
  187  10:52  Marine x2, Supply Depot  
  187  10:53  Supply Depot  
  187  10:55  Widow Mine x2  
  187  10:57  Marine x2  
  182  10:59  Widow Mine  
  183  11:05  Terran Infantry Weapons Level 3  
  183  11:06  Marauder, Marine  
  185  11:13  Terran Infantry Armor Level 3  
  185  11:15  Marine  
  185  11:16  Marine  
  185  11:17  Widow Mine  
  189  11:22  Medivac  
  189  11:23  Medivac  
  186  11:26  Marine  
  186  11:27  Marine x2  
  186  11:28  Marine, Marauder  
  186  11:29  Widow Mine x2  
  177  11:32  Marine  
  177  11:33  Marine  
  177  11:35  Marine x2  
  177  11:38  Widow Mine  
  167  11:40  Barracks Tech Lab  
  167  11:41  Barracks Tech Lab x2  
  167  11:44  Marine  
  167  11:45  Marine x2  
  170  11:51  Widow Mine x2  
  174  11:55  Medivac  
  174  11:56  Marine x3, Medivac  
  174  12:01  Marine x2  
  177  12:06  Marine  
  177  12:07  Marine x5  
  169  12:09  Widow Mine  
  169  12:12  Widow Mine, Marine  
  169  12:13  Widow Mine  
  169  12:14  Marine x2  
  178  12:19  Marine x2  
  178  12:22  Marine  
  161  12:24  Marine  
  161  12:25  Marine  
  161  12:26  Marauder  
  161  12:28  Marine x2  
  161  12:30  Widow Mine  
  161  12:32  Marine x2  
  161  12:33  Widow Mine  
  161  12:34  Marine, Thor  
  161  12:36  Marine  
  165  12:37  Marine  
  165  12:38  Medivac x2  
  165  12:40  Marine  
  165  12:42  Marine x2  
  173  12:46  Marine  
  173  12:47  Marauder x2  
  173  12:50  Marine x2  
  178  12:51  Widow Mine  
  178  12:52  Marine  
  178  12:54  Marine  
  178  12:55  Widow Mine, Marine  
  178  12:58  Marine  
  182  13:00  Marine x2  
  182  13:04  Marine  
  186  13:08  Marine x3, Medivac x2, Marauder  
  186  13:09  Marine  
  186  13:12  Marine  
  197  13:13  Widow Mine, Marine  
  197  13:16  Terran Vehicle And Ship Armor Level 3  
  185  13:36  Marauder x2  
  185  13:37  Marine x2  
  185  13:38  Medivac  
  185  13:40  Widow Mine  
  185  13:41  Widow Mine  
  187  13:42  Marine x7  
  187  13:43  Thor  
  187  13:44  Medivac  
  200  13:55  Marine  
  184  13:56  Marine  
  184  13:58  Marauder x2  
  184  14:00  Marine x3  
  184  14:02  Widow Mine x2, Marine x2  
  189  14:05  Marine x2  
  184  14:10  Medivac  
  184  14:12  Marine  
  184  14:14  Medivac  
  189  14:21  Marine x2  
  189  14:23  Supply Depot  
  189  14:25  Marine x6, Orbital Command  
  189  14:26  Widow Mine  
  189  14:27  Marine  
  189  14:30  Widow Mine  
  197  14:32  Marine x2  
  197  14:33  Widow Mine  
  181  14:38  Marine x2  
  181  14:43  Marine x4, Marauder x2  
  181  14:44  Marine  
  182  14:47  Widow Mine  
  182  14:50  Marine x2  
  182  14:52  Widow Mine  
  186  14:54  Widow Mine  
  186  14:56  Marine x2  
  186  15:01  Marine x4  
  186  15:03  Marauder  
  186  15:05  Marauder x2  
  193  15:08  Widow Mine, Marine  
  193  15:10  Marine  
  190  15:14  Marine  
  190  15:17  Marine  
  190  15:19  Marauder  
  190  15:20  Marine  
  189  15:22  Marine  
  189  15:23  Marine  
  189  15:24  Marauder  
  189  15:26  Marauder  
  189  15:27  Widow Mine, Marine  
  197  15:31  Marine  
  197  15:33  Marine  
  197  15:35  Marine  
  198  15:38  Widow Mine  
  198  15:40  Marauder  
  198  15:44  Marine x2  
  198  15:46  Marauder  
  198  15:47  Marine  
  194  15:50  Marine  
  194  15:51  Marine  
  182  16:02  Marauder  
  183  16:05  Marauder  
  189  16:11  Marauder x2  
  189  16:15  Marine  
  187  16:23  Marauder  
  190  16:25  Medivac  
  190  16:26  Widow Mine x2  
  190  16:27  Marauder  
  190  16:30  Marine  
  197  16:32  Marauder  
  197  16:33  Marauder  
  195  16:45  Marauder  
  195  16:48  Marauder  
  199  16:54  Marauder x2  
  199  16:55  Marine  
  199  16:58  Medivac  
  199  16:59  Medivac  
  199  17:00  Marine  
  199  17:01  Marine  
  199  17:06  Marauder  
  198  17:09  Marine  
  198  17:11  Marine  
  179  17:23  Marauder, Marine  
  179  17:24  Widow Mine x2  
  179  17:25  Marine x2  
  179  17:26  Marauder, Marine x2  
  179  17:27  Marine  
  179  17:28  Marine, Medivac x2  
  198  17:33  Concussive Shells  
  197  17:44  Marauder  
  197  17:48  Marine x2, Marauder  
  198  17:54  Marauder, Missile Turret  
  198  17:55  Orbital Command  
  200  18:03  Marine x2  
  193  18:07  Marine  
  193  18:08  Marine x2  
  193  18:12  Marauder  
  181  18:23  Marauder  
  181  18:26  Marauder, Marine x2  
Tags
 
Add a new tag
Caveats
  • Supply blocks, unpowered buildings, or Contaminate may cause inaccurate times.
  • Supply counts are checked every 10 seconds.